AoeStats
← x316f72girp

African Clearing

505646952Analyzed
4v4 RM · 21d ago on Sep 10, 2026· 55m 20s· 8 players
Game mode
Random Map
Map size
Large (8 player)
Population
200
Speed
Normal
Resources
Standard
Victory
Conquest
Starting age
Dark Age
Ending age
Imperial Age
RankedLock teamsTeams togetherTeam positionsShared explorationLock speedFull tech treeHidden civsTurbo modeCheats
Victory
Defeat
🇹🇼 Huns · Taiwan
1063
+14
🇹🇼 Malians · Taiwan
1052
+14
🇹🇼 Burgundians · Taiwan
1018
+15
🇨🇱 Franks · Chile
1012
+16
🇧🇷 Vietnamese · Brazil
1165
-22
🇯🇵 Huns · Japan
1002
-14
🇨🇳 Jurchens · China
965
-13
🇭🇰 Mongols · Hong Kong SAR China
897
-10
LWwcnm
12:39 Feudal Age
14:05 Horse Collar
14:52 Loom
18:19 Fletching
18:30 Padded Archer Armor
24:05 Castle Age
22:16 Stone Mining
24:07 Crossbowman
28:10 Bodkin Arrow
28:33 Heavy Plow
30:22 Wheelbarrow
29:35 Town Watch
30:40 Double-Bit Axe
31:50 Ballistics
32:42 Hand Cart
32:55 Leather Archer Armor
35:16 Bloodlines
35:07 Husbandry
37:24 Gold Mining
40:54 Imperial Age
41:59 Conscription
47:20 Gold Shaft Mining
49:15 Bow Saw
53:09 Scale Barding Armor
53:15 Forging
53:22 Marauders
52:43 Elite Tarkan
54:33 Chain Barding Armor
tony.li
11:27 Loom
13:54 Feudal Age
14:45 Double-Bit Axe
15:42 Gold Mining
18:13 Fletching
21:28 Castle Age
20:46 Padded Archer Armor
23:01 Bodkin Arrow
23:21 Leather Archer Armor
23:45 Husbandry
27:07 Horse Collar
29:00 Bow Saw
29:40 Ballistics
33:51 Wheelbarrow
33:56 Leather Archer Armor
40:11 Imperial Age
41:08 Thumb Ring
41:17 Heavy Plow
43:19 Bloodlines
44:05 Bracer
44:35 Ring Archer Armor
45:34 Chemistry
47:34 Heavy Cavalry Archer
49:24 Bombard Tower
50:19 Stone Mining
碰我村民就投
6:17 Loom
15:10 Feudal Age
21:03 Castle Age
20:37 Wheelbarrow
20:54 Double-Bit Axe
20:54 Horse Collar
23:49 Fletching
24:01 Padded Archer Armor
25:11 Bodkin Arrow
32:04 Bloodlines
31:54 Husbandry
36:33 Ballistics
37:12 Leather Archer Armor
37:05 Thumb Ring
37:55 Hand Cart
37:42 Light Cavalry
40:18 Bow Saw
40:27 Heavy Plow
45:22 Imperial Age
44:48 Nomads
45:49 Scale Barding Armor
45:55 Forging
46:21 Bracer
48:30 Chemistry
48:08 Elite Mangudai
49:47 Chain Barding Armor
50:04 Iron Casting
48:51 Hussar
竹杖
15:28 Loom
17:14 Feudal Age
18:20 Horse Collar
22:25 Castle Age
21:00 Gold Mining
23:26 Heavy Plow
23:36 Double-Bit Axe
25:16 Pikeman
27:00 Scale Mail Armor
34:30 Bow Saw
37:36 Forging
37:33 Scale Barding Armor
38:18 Wheelbarrow
39:06 Gold Shaft Mining
38:47 Bloodlines
38:38 Husbandry
39:42 Chain Barding Armor
40:45 Husbandry
43:19 Imperial Age
41:51 Hand Cart
44:50 Crop Rotation
46:26 Iron Casting
46:12 Chain Barding Armor
46:05 Squires
46:37 Elite Steppe Lancer
49:37 Plate Barding Armor
50:03 Blast Furnace
49:17 Masonry
48:48 Treadmill Crane
50:11 Chemistry
51:59 Caravan
52:10 Guilds
55:49 Chain Mail Armor
steve95741886
2:53 Loom
12:48 Feudal Age
13:22 Double-Bit Axe
20:15 Castle Age
18:59 Bloodlines
18:57 Scale Barding Armor
19:38 Forging
19:45 Stone Mining
22:00 Husbandry
22:41 Light Cavalry
25:23 Horse Collar
29:27 Gold Mining
30:36 Wheelbarrow
30:27 Tigui
36:09 Imperial Age
34:27 Heavy Plow
36:38 Gold Shaft Mining
37:07 Chain Barding Armor
37:20 Conscription
36:26 Cavalier
38:00 Bow Saw
40:43 Iron Casting
41:20 Farimba
46:31 Crop Rotation
45:54 Heavy Camel Rider
47:52 Hand Cart
49:57 Ballistics
49:18 Treadmill Crane
49:57 Town Watch
52:04 Chemistry
52:27 Town Patrol
ShuShu
12:45 Feudal Age
11:01 Loom
18:28 Bloodlines
25:40 Castle Age
26:47 Wheelbarrow
29:45 Fletching
33:32 Bodkin Arrow
34:42 Double-Bit Axe
39:13 Thumb Ring
40:26 Padded Archer Armor
40:47 Gold Mining
44:14 Ballistics
44:53 Leather Archer Armor
48:52 Hand Cart
50:16 Town Watch
CL.CKrugger
16:14 Feudal Age
17:49 Double-Bit Axe
19:13 Loom
23:28 Castle Age
22:03 Forging
23:15 Scale Barding Armor
28:39 Wheelbarrow
40:14 Hand Cart
40:14 Gold Mining
x316f72girp
11:08 Loom
15:58 Feudal Age
15:23 Wheelbarrow
16:47 Double-Bit Axe
16:45 Horse Collar
24:01 Castle Age
24:07 Heavy Plow
24:20 Bow Saw
25:30 Husbandry
26:26 Town Watch
28:55 Stone Mining
28:57 Gold Mining
30:08 Elite Skirmisher
32:17 Fletching
32:39 Forging
32:37 Scale Barding Armor
34:28 Cavalier
36:49 Bodkin Arrow
37:40 Iron Casting
37:52 Hand Cart
42:32 Imperial Age
43:41 Burgundian Vineyards
43:57 Conscription
42:58 Elite Coustillier
45:46 Bracer
45:47 Padded Archer Armor
46:50 Blast Furnace
46:11 Chain Barding Armor
52:25 Leather Archer Armor
52:46 Plate Barding Armor
54:16 Crop Rotation
54:54 Two-Man Saw
Connection lost

Rejoining the realm…

Still unreachable

The connection could not be restored.

Session expired

The server has moved on; the page needs a fresh start.